Sabres vs Capitals

Created - 31 octobre 2020 at 21:14

Goals
1 2 3 OT1 SO T
Sabres 2 0 2 0 3 5
Capitals 1 2 1 0 2 4
Shots
1 2 3 OT1 SO T
Sabres 19 14 14 1 5 48
Capitals 9 8 12 4 5 33

1st period

1. Sabres , Lars Eller 1 (Adam Pelech 1, Matt Murray) at 2:44
2. Capitals , David Kampf 1 (Jason Dickinson 1, Wayne Simmonds 1) at 3:59
3. Sabres , Adam Pelech 1 (Jonathan Drouin 1) at 13:08

Penalties :
Bobby Ryan (WSH) for Holding Stick (Minor) at 7:43

2nd period

4. Capitals , David Kampf 2 (Kris Russell 1, Pekka Rinne) at 1:11
5. Capitals , Mikael Granlund 1 (Vinnie Hinostroza 1, Michael Del Zotto 1) at 10:47

Penalties :
Bobby Ryan (WSH) for Tripping (Minor) at 5:09, Brett Kulak (WSH) for Interference (Minor) at 19:20

3rd period

6. Capitals , Riley Stillman 1 (Josh Anderson 1, Kevin Labanc 1) at 9:16
7. Sabres , Leon Draisaitl 1 (Tom Wilson 1) at 11:04
8. Sabres , Kevin Fiala 1 (Elias Lindholm 2, Tyler Seguin 1) at 14:14

Penalties :
Rasmus Ristolainen (BUF) for Hooking (Minor) at 2:25, Kris Russell (WSH) for Hooking (Minor) at 7:03, Elias Lindholm (BUF) for Tripping (Minor) at 19:48

Overtime #1

No Goal

Penalties :
No Penalty

Shootout

Sabres, Tyler Seguin - Goal!
Capitals, Mikael Granlund - Stopped by Matt Murray
Sabres, Leon Draisaitl - Stopped by Pekka Rinne
Capitals, Reilly Smith - Goal!
Sabres, Jonathan Drouin - Stopped by Pekka Rinne
Capitals, Bobby Ryan - Stopped by Matt Murray
Sabres, Lars Eller - Goal!
Capitals, Jason Dickinson - Goal!
Sabres, Ryan Nugent-Hopkins - Goal!
Capitals, David Kampf - Shot Misses the Net

Penalties :
No Penalty

Goalie Stats

Matt Murray (BUF), 29 saves from 33 shots - (0,879), W, 2-0-0, 65:00 minutes
Pekka Rinne (WSH), 44 saves from 48 shots - (0,917), OTL, 0-0-1, 65:00 minutes

Players Stats for Sabres

Player Name              G  A  P  +/- PIM S  H  SB GA TA FO     MP     PP MP  PK MP  
------------------------------------------------------------------------------------
Adam Pelech              1  1  2   3  0   1  1  0  0  0  0/0    17:05   3:20   0:39 
Alec Martinez            0  0  0  -2  0   0  1  1  0  0  0/0    18:39   0:00   1:35 
Christian Djoos          0  0  0   3  0   0  0  1  0  0  0/0    13:53   0:00   0:47 
Elias Lindholm           0  1  1   1  2   5  0  0  0  0  2/2    20:21   3:35   0:36 
Erik Gustafsson          0  0  0  -2  0   0  1  1  0  0  0/0    22:34   3:20   1:23 
Jonathan Drouin          0  1  1   1  0   1  3  0  0  0  0/0    12:11   0:00   0:00 
Kevin Fiala              1  0  1   1  0   4  0  0  0  0  2/2    19:10   3:35   0:00 
Lars Eller               1  0  1   1  0   5  0  1  0  0  16/23  14:07   0:00   1:56 
Leon Draisaitl           1  0  1  -1  0   8  0  0  0  0  26/34  23:35   4:21   0:00 
Luke Glendening          0  0  0  -1  0   0  0  2  0  0  8/13    7:34   0:00   2:35 
Michael Grabner          0  0  0  -1  0   1  0  0  0  0  1/1     4:59   0:00   0:00 
Nic Dowd                 0  0  0  -1  0   2  1  0  0  0  0/0     5:35   0:00   0:36 
Nikolaj Ehlers           0  0  0   1  0   2  0  0  0  0  0/2    17:03   4:21   0:00 
Rasmus Dahlin            0  0  0  -1  0   1  0  2  0  0  0/0    27:50   4:36   2:23 
Rasmus Ristolainen       0  0  0  -1  2   3  5  3  0  0  0/0    26:46   4:36   1:09 
Ryan Nugent-Hopkins      0  0  0  -1  0   12 1  0  0  0  0/1    23:35   4:21   0:00 
Tom Wilson               0  1  1  -1  0   2  3  0  0  0  1/2    18:05   0:00   0:25 
Tyler Seguin             0  1  1   1  0   1  1  0  0  0  16/21  19:46   3:35   0:00 

Players Stats for Capitals

Player Name              G  A  P  +/- PIM S  H  SB GA TA FO     MP     PP MP  PK MP  
------------------------------------------------------------------------------------
Bobby Ryan               0  0  0  -2  4   4  6  0  0  0  1/1    18:26   0:56   1:18 
Brandon Montour          0  0  0  -1  0   3  2  3  0  0  0/0    26:35   1:14   3:50 
Brett Kulak              0  0  0   0  2   3  1  0  0  0  0/0    14:55   0:00   0:00 
Casey Mittelstadt        0  0  0   1  0   0  0  0  0  0  8/21   16:30   0:00   1:19 
Chandler Stephenson      0  0  0   1  0   1  0  0  0  0  0/5     4:29   0:00   0:17 
David Kampf              2  0  2   0  0   2  0  0  0  0  2/3    19:03   1:14   1:01 
Jason Dickinson          0  1  1   0  0   2  0  1  0  0  9/29   22:09   1:14   2:57 
Jonas Siegenthaler       0  0  0   0  0   3  2  2  0  0  0/0    15:47   0:00   0:51 
Josh Anderson            0  1  1   1  0   1  1  0  0  0  0/0    15:14   0:00   0:00 
Kaapo Kakko              0  0  0   0  0   0  0  0  0  0  0/0     0:06   0:00   0:00 
Kevin Labanc             0  1  1   1  0   1  0  0  0  0  0/0    15:14   0:00   0:00 
Kris Russell             0  1  1   1  2   2  4  0  0  0  0/0    21:32   0:56   3:15 
Michael Del Zotto        0  1  1  -1  0   1  3  1  0  0  0/0    26:15   1:14   3:50 
Mikael Granlund          1  0  1  -1  0   4  1  0  0  0  9/41   26:23   0:56   4:30 
Reilly Smith             0  0  0  -2  0   1  1  0  0  0  0/1    22:14   0:56   4:30 
Riley Stillman           1  0  1   1  0   2  4  1  0  0  0/0    21:42   0:56   4:06 
Vinnie Hinostroza        0  1  1   1  0   1  1  0  0  0  0/0     4:12   0:00   0:00 
Wayne Simmonds           0  1  1   0  0   2  8  1  0  0  0/0    18:02   1:14   0:00 

3 Stars

1 - Adam Pelech (BUF)
2 - David Kampf (WSH)
3 - Riley Stillman (WSH)

Power Play

Sabres - 0 on 4 Attempt(s) - 0,00%
Capitals - 0 on 2 Attempt(s) - 0,00%

Penalty Kill

Sabres - 2 on 2 Attempt(s) - 100,00% - Score 0 goal in Penalty Kill
Capitals - 4 on 4 Attempt(s) - 100,00% - Score 0 goal in Penalty Kill

Team Stat

Sabres - Hits : 17 - Faceoff Wins : 72 - Blocked Shots : 11 - Penalty Minutes : 4
Capitals - Hits : 34 - Faceoff Wins : 29 - Blocked Shots : 9 - Penalty Minutes : 8

Official

Referees : Chris Schlenker and Garrett Rank
Linesman : Brent Colby and Libor Suchanek

Game Notes

No Game Note

Finance

Level 1 -- Attendance: 2556 (39,32%) -- Ticket Income 639 000 $
Level 2 -- Attendance: 1959 (39,18%) -- Ticket Income 391 800 $
Level 3 -- Attendance: 1000 (28,57%) -- Ticket Income 175 000 $
Level 4 -- Attendance: 689 (27,49%) -- Ticket Income 103 350 $
Luxury Box -- Attendance: 532 (53,20%) -- Ticket Income 212 800 $
Game was played at the Verizon Center.
Total Attendance: 6736 (36,40%)
Total Ticket Income: 1 521 950 $
Other Income: 745 756 $
Total Income: 2 267 706 $

% Time on Ice - Sabres

Lines # - Real PCT - Wanted PCT - Time Play
Normal Forward
1 - 35% - 40% - 17:40
2 - 30% - 30% - 15:04
3 - 24% - 25% - 12:11
4 - 10% - 5% - 4:59
Normal Defense
1 - 36% - 40% - 18:02
2 - 34% - 30% - 17:04
3 - 26% - 20% - 13:06
4 - 3% - 10% - 1:42
PP Forward
1 - 55% - 55% - 4:21
2 - 45% - 45% - 3:35
PP Defense
1 - 58% - 55% - 4:36
2 - 42% - 45% - 3:20
PK Forward
1 - 72% - 60% - 1:34
2 - 28% - 40% - 0:36
PK Defense
1 - 57% - 60% - 1:14
2 - 43% - 40% - 0:56
PK3 Forward
1 - 80% - 60% - 1:26
2 - 20% - 40% - 0:22
PK3 Defense
1 - 64% - 60% - 1:09
2 - 36% - 40% - 0:39
44 Forward
1 - 0% - 60%
2 - 0% - 40%
44 Defense
1 - 0% - 60%
2 - 0% - 40%
Last Minute Offensive  - 0:00
Last Minute Defensive  - 0:00
Total
Forward - 61:48
Defense - 61:48

% Time on Ice - Capitals

Lines # - Real PCT - Wanted PCT - Time Play
Normal Forward
1 - 29% - 40% - 14:22
2 - 32% - 30% - 16:06
3 - 31% - 20% - 15:14
4 - 8% - 10% - 4:12
Normal Defense
1 - 35% - 40% - 17:24
2 - 32% - 30% - 15:51
3 - 30% - 20% - 14:56
4 - 3% - 10% - 1:43
PP Forward
1 - 43% - 60% - 0:56
2 - 57% - 40% - 1:14
PP Defense
1 - 57% - 60% - 1:14
2 - 43% - 40% - 0:56
PK Forward
1 - 63% - 60% - 4:59
2 - 37% - 40% - 2:57
PK Defense
1 - 48% - 60% - 3:50
2 - 52% - 40% - 4:06
PK3 Forward
1 - 0% - 60%
2 - 0% - 40%
PK3 Defense
1 - 0% - 60%
2 - 0% - 40%
44 Forward
1 - 71% - 60% - 1:17
2 - 29% - 40% - 0:31
44 Defense
1 - 55% - 60% - 0:59
2 - 45% - 40% - 0:49
Last Minute Offensive  - 0:00
Last Minute Defensive  - 0:00
Total
Forward - 61:48
Defense - 61:48

Play-by-Play

1st period


0:01 of 1st period - Leon Draisaitl wins face-off versus Reilly Smith in neutral zone.
1:21 of 1st period - Shot by Jason Dickinson.
1:21 of 1st period - Shot Misses the Net.
1:23 of 1st period - Shot by Jason Dickinson.
1:23 of 1st period - Stopped by Matt Murray without a rebound.
1:24 of 1st period - Casey Mittelstadt wins face-off versus Lars Eller in Sabres zone.
1:46 of 1st period - Icing by Kevin Labanc.
1:47 of 1st period - Luke Glendening wins face-off versus Casey Mittelstadt in Capitals zone.
1:50 of 1st period - Shot by Nic Dowd.
1:50 of 1st period - Shot Misses the Net.
1:56 of 1st period - Shot by Michael Grabner.
1:56 of 1st period - Shot Misses the Net.
2:44 of 1st period - Shot by Lars Eller.
2:44 of 1st period - Goal by Lars Eller - Sabres : 1 - Capitals : 0.
2:45 of 1st period - Leon Draisaitl wins face-off versus Chandler Stephenson in neutral zone.
2:51 of 1st period - Mikael Granlund is hit by Alec Martinez and loses puck.
3:59 of 1st period - Shot by David Kampf.
3:59 of 1st period - Goal by David Kampf - Sabres : 1 - Capitals : 1.
4:00 of 1st period - Tyler Seguin wins face-off versus Mikael Granlund in neutral zone.
4:19 of 1st period - Shot by Bobby Ryan.
4:19 of 1st period - Shot Blocked by Rasmus Dahlin.
4:21 of 1st period - Shot by Riley Stillman.
4:21 of 1st period - Stopped by Matt Murray with a rebound.
4:28 of 1st period - Mikael Granlund is hit by Rasmus Ristolainen and loses puck.
4:36 of 1st period - Icing by Rasmus Dahlin.
4:37 of 1st period - Tyler Seguin wins face-off versus Jason Dickinson in Sabres zone.
4:37 of 1st period - Tyler Seguin is hit by Wayne Simmonds.
4:47 of 1st period - Shot by Kevin Fiala.
4:47 of 1st period - Stopped by Pekka Rinne without a rebound.
4:48 of 1st period - Lars Eller wins face-off versus Casey Mittelstadt in Capitals zone.
4:58 of 1st period - Icing by Christian Djoos.
4:59 of 1st period - Lars Eller wins face-off versus Jason Dickinson in Sabres zone.
5:08 of 1st period - Jason Dickinson is hit by Jonathan Drouin and loses puck.
5:15 of 1st period - Shot by Nikolaj Ehlers.
5:15 of 1st period - Stopped by Pekka Rinne with a rebound.
5:17 of 1st period - Shot by Nikolaj Ehlers.
5:17 of 1st period - Deflect By Lars Eller.
5:17 of 1st period - Shot Misses the Net.
5:19 of 1st period - Shot by Christian Djoos.
5:19 of 1st period - Shot Blocked by Brandon Montour.
5:21 of 1st period - Shot by Adam Pelech.
5:21 of 1st period - Shot Misses the Net.
5:35 of 1st period - Icing by Jason Dickinson.
5:36 of 1st period - Tyler Seguin wins face-off versus Jason Dickinson in Capitals zone.
5:44 of 1st period - Brandon Montour is hit by Rasmus Ristolainen and loses puck.
6:02 of 1st period - Icing by Michael Del Zotto.
6:03 of 1st period - Leon Draisaitl wins face-off versus Jason Dickinson in Capitals zone.
6:14 of 1st period - Shot by Ryan Nugent-Hopkins.
6:14 of 1st period - Stopped by Pekka Rinne without a rebound.
6:15 of 1st period - Lars Eller wins face-off versus Mikael Granlund in Capitals zone.
6:50 of 1st period - Shot by Kris Russell.
6:50 of 1st period - Stopped by Matt Murray without a rebound.
6:51 of 1st period - Casey Mittelstadt wins face-off versus Tom Wilson in Sabres zone.
6:51 of 1st period - Casey Mittelstadt is hit by Rasmus Ristolainen.
6:55 of 1st period - Shot by Kevin Labanc.
6:55 of 1st period - Shot Misses the Net.
6:57 of 1st period - Shot by Jonas Siegenthaler.
6:57 of 1st period - Stopped by Matt Murray without a rebound.
6:58 of 1st period - Tom Wilson wins face-off versus Casey Mittelstadt in Sabres zone.
7:24 of 1st period - Icing by Casey Mittelstadt.
7:25 of 1st period - Casey Mittelstadt wins face-off versus Tyler Seguin in Capitals zone.
7:36 of 1st period - Shot by Kevin Labanc.
7:36 of 1st period - Stopped by Matt Murray without a rebound.
7:37 of 1st period - Lars Eller wins face-off versus Mikael Granlund in Sabres zone.
7:37 of 1st period - Adam Pelech is hit by Mikael Granlund and loses puck.
7:43 of 1st period - Minor Penalty to Bobby Ryan for Holding Stick.
7:44 of 1st period - Mikael Granlund wins face-off versus Ryan Nugent-Hopkins in Capitals zone.
8:01 of 1st period - Shot by Ryan Nugent-Hopkins.
8:01 of 1st period - Stopped by Pekka Rinne without a rebound.
8:02 of 1st period - Tyler Seguin wins face-off versus Mikael Granlund in Capitals zone.
8:13 of 1st period - Shot by Erik Gustafsson.
8:13 of 1st period - Shot Blocked by Michael Del Zotto.
8:15 of 1st period - Shot by Kevin Fiala.
8:15 of 1st period - Shot Misses the Net.
8:25 of 1st period - Shot by Kevin Fiala.
8:25 of 1st period - Shot Misses the Net.
8:27 of 1st period - Shot by Adam Pelech.
8:27 of 1st period - Shot Misses the Net.
8:29 of 1st period - Shot by Elias Lindholm.
8:29 of 1st period - Stopped by Pekka Rinne with a rebound.
8:31 of 1st period - Shot by Adam Pelech.
8:31 of 1st period - Shot Misses the Net.
8:33 of 1st period - Shot by Adam Pelech.
8:33 of 1st period - Shot Misses the Net.
9:28 of 1st period - Ryan Nugent-Hopkins is hit by Riley Stillman and loses puck.
9:41 of 1st period - Shot by Rasmus Ristolainen.
9:41 of 1st period - Stopped by Pekka Rinne without a rebound.
9:42 of 1st period - Leon Draisaitl wins face-off versus Mikael Granlund in Capitals zone.
9:43 of 1st period - Shot by Ryan Nugent-Hopkins.
9:43 of 1st period - Stopped by Pekka Rinne without a rebound.
9:44 of 1st period - Casey Mittelstadt wins face-off versus Luke Glendening in Capitals zone.
9:44 of 1st period - Casey Mittelstadt is hit by Nic Dowd.
10:05 of 1st period - Shot by Luke Glendening.
10:05 of 1st period - Deflect By Michael Grabner.
10:05 of 1st period - Shot Misses the Net.
10:08 of 1st period - Michael Grabner is hit by Brett Kulak and loses puck.
10:15 of 1st period - Shot by Michael Grabner.
10:15 of 1st period - Stopped by Pekka Rinne without a rebound.
10:16 of 1st period - Leon Draisaitl wins face-off versus Mikael Granlund in Capitals zone.
10:19 of 1st period - Shot by Ryan Nugent-Hopkins.
10:19 of 1st period - Stopped by Pekka Rinne without a rebound.
10:20 of 1st period - Leon Draisaitl wins face-off versus Mikael Granlund in Capitals zone.
11:00 of 1st period - Shot by Bobby Ryan.
11:00 of 1st period - Shot Misses the Net.
11:33 of 1st period - Shot by David Kampf.
11:33 of 1st period - Shot Blocked by Rasmus Ristolainen.
12:00 of 1st period - Icing by Josh Anderson.
12:01 of 1st period - Tyler Seguin wins face-off versus Casey Mittelstadt in Capitals zone.
12:07 of 1st period - Elias Lindholm is hit by Jonas Siegenthaler and loses puck.
12:27 of 1st period - Icing by Alec Martinez.
12:28 of 1st period - Elias Lindholm wins face-off versus Mikael Granlund in Sabres zone.
12:28 of 1st period - Elias Lindholm is hit by Bobby Ryan.
13:06 of 1st period - Shot by Jonathan Drouin.
13:06 of 1st period - Shot Misses the Net.
13:08 of 1st period - Shot by Adam Pelech.
13:08 of 1st period - Goal by Adam Pelech - Sabres : 2 - Capitals : 1.
13:09 of 1st period - Luke Glendening wins face-off versus Jason Dickinson in neutral zone.
13:12 of 1st period - Shot by Nic Dowd.
13:12 of 1st period - Shot Misses the Net.
13:40 of 1st period - Shot by Jason Dickinson.
13:40 of 1st period - Stopped by Matt Murray without a rebound.
13:41 of 1st period - Casey Mittelstadt wins face-off versus Lars Eller in Sabres zone.
13:48 of 1st period - Shot by Josh Anderson.
13:48 of 1st period - Shot Blocked by Erik Gustafsson.
13:50 of 1st period - Shot by Brett Kulak.
13:50 of 1st period - Stopped by Matt Murray without a rebound.
13:51 of 1st period - Tyler Seguin wins face-off versus Mikael Granlund in Sabres zone.
14:05 of 1st period - Shot by Elias Lindholm.
14:05 of 1st period - Stopped by Pekka Rinne without a rebound.
14:06 of 1st period - Leon Draisaitl wins face-off versus Jason Dickinson in Capitals zone.
14:07 of 1st period - Shot by Tom Wilson.
14:07 of 1st period - Shot Misses the Net.
14:11 of 1st period - Shot by Ryan Nugent-Hopkins.
14:11 of 1st period - Stopped by Pekka Rinne without a rebound.
14:12 of 1st period - Leon Draisaitl wins face-off versus Mikael Granlund in Capitals zone.
14:14 of 1st period - Ryan Nugent-Hopkins is hit by Brandon Montour and loses puck.
14:21 of 1st period - Tom Wilson is hit by Bobby Ryan.
14:31 of 1st period - Shot by Leon Draisaitl.
14:31 of 1st period - Stopped by Pekka Rinne with a rebound.
14:39 of 1st period - Shot by Ryan Nugent-Hopkins.
14:39 of 1st period - Stopped by Pekka Rinne with a rebound.
15:16 of 1st period - Off-side.
15:17 of 1st period - Jason Dickinson wins face-off versus Lars Eller in neutral zone.
15:44 of 1st period - Icing by Adam Pelech.
15:45 of 1st period - Lars Eller wins face-off versus Casey Mittelstadt in Sabres zone.
16:29 of 1st period - Icing by Elias Lindholm.
16:30 of 1st period - Tyler Seguin wins face-off versus Jason Dickinson in Sabres zone.
17:07 of 1st period - Off-side.
17:08 of 1st period - Leon Draisaitl wins face-off versus Mikael Granlund in neutral zone.
17:25 of 1st period - Shot by Leon Draisaitl.
17:25 of 1st period - Shot Blocked by Riley Stillman.
17:27 of 1st period - Shot by Tom Wilson.
17:27 of 1st period - Stopped by Pekka Rinne with a rebound.
17:29 of 1st period - Shot by Leon Draisaitl.
17:29 of 1st period - Stopped by Pekka Rinne with a rebound.
17:31 of 1st period - Shot by Alec Martinez.
17:31 of 1st period - Shot Misses the Net.
17:36 of 1st period - Icing by Kris Russell.
17:37 of 1st period - Lars Eller wins face-off versus Mikael Granlund in Capitals zone.
17:39 of 1st period - Jonathan Drouin is hit by Kris Russell and loses puck.
17:43 of 1st period - Jonathan Drouin is hit by Riley Stillman.
17:55 of 1st period - Shot by Mikael Granlund.
17:55 of 1st period - Stopped by Matt Murray without a rebound.
17:56 of 1st period - Jason Dickinson wins face-off versus Tyler Seguin in Sabres zone.
18:05 of 1st period - Icing by Tyler Seguin.
18:06 of 1st period - Tyler Seguin wins face-off versus Casey Mittelstadt in Sabres zone.
19:13 of 1st period - Shot by Ryan Nugent-Hopkins.
19:13 of 1st period - Stopped by Pekka Rinne without a rebound.
19:14 of 1st period - Lars Eller wins face-off versus Mikael Granlund in Capitals zone.
19:25 of 1st period - Shot by Jonathan Drouin.
19:25 of 1st period - Stopped by Pekka Rinne without a rebound.
19:26 of 1st period - Leon Draisaitl wins face-off versus Jason Dickinson in Capitals zone.
Goals for this period are 2 for Sabres vs 1 for Capitals.
Shots for this period are 19 for Sabres vs 9 for Capitals.

2nd period


0:01 of 2nd period - Mikael Granlund wins face-off versus Leon Draisaitl in neutral zone.
0:14 of 2nd period - Leon Draisaitl is hit by Brandon Montour and loses puck.
1:11 of 2nd period - Shot by David Kampf.
1:11 of 2nd period - Goal by David Kampf - Sabres : 2 - Capitals : 2.
1:12 of 2nd period - Lars Eller wins face-off versus Casey Mittelstadt in neutral zone.
1:17 of 2nd period - Shot by Nikolaj Ehlers.
1:17 of 2nd period - Shot Blocked by Jonas Siegenthaler.
1:32 of 2nd period - Shot by Brett Kulak.
1:32 of 2nd period - Stopped by Matt Murray without a rebound.
1:33 of 2nd period - Elias Lindholm wins face-off versus Jason Dickinson in Sabres zone.
1:33 of 2nd period - Elias Lindholm is hit by Wayne Simmonds.
1:48 of 2nd period - Tyler Seguin is hit by Kris Russell and loses puck.
1:55 of 2nd period - Shot by Jason Dickinson.
1:55 of 2nd period - Shot Misses the Net.
2:04 of 2nd period - Icing by Christian Djoos.
2:05 of 2nd period - Tyler Seguin wins face-off versus Mikael Granlund in Sabres zone.
2:05 of 2nd period - Tyler Seguin is hit by Bobby Ryan.
2:44 of 2nd period - Shot by Jonathan Drouin.
2:44 of 2nd period - Deflect By Nikolaj Ehlers.
2:44 of 2nd period - Stopped by Pekka Rinne without a rebound.
2:45 of 2nd period - Leon Draisaitl wins face-off versus Jason Dickinson in Capitals zone.
2:46 of 2nd period - Shot by Ryan Nugent-Hopkins.
2:46 of 2nd period - Stopped by Pekka Rinne without a rebound.
2:47 of 2nd period - Leon Draisaitl wins face-off versus David Kampf in Capitals zone.
2:47 of 2nd period - Leon Draisaitl is hit by Kris Russell.
3:01 of 2nd period - Tom Wilson is hit by Wayne Simmonds and loses puck.
3:59 of 2nd period - Shot by Lars Eller.
3:59 of 2nd period - Stopped by Pekka Rinne without a rebound.
4:00 of 2nd period - Tyler Seguin wins face-off versus Casey Mittelstadt in Capitals zone.
4:27 of 2nd period - Shot by Casey Mittelstadt.
4:27 of 2nd period - Shot Misses the Net.
4:29 of 2nd period - Shot by Casey Mittelstadt.
4:29 of 2nd period - Shot Misses the Net.
4:31 of 2nd period - Shot by Josh Anderson.
4:31 of 2nd period - Stopped by Matt Murray without a rebound.
4:32 of 2nd period - Lars Eller wins face-off versus Mikael Granlund in Sabres zone.
4:32 of 2nd period - Lars Eller is hit by Bobby Ryan.
5:09 of 2nd period - Minor Penalty to Bobby Ryan for Tripping.
5:10 of 2nd period - Tyler Seguin wins face-off versus Mikael Granlund in Capitals zone.
5:17 of 2nd period - Shot by Kevin Fiala.
5:17 of 2nd period - Stopped by Pekka Rinne with a rebound.
5:31 of 2nd period - Shot by Rasmus Ristolainen.
5:31 of 2nd period - Stopped by Pekka Rinne with a rebound.
6:07 of 2nd period - Shot by Leon Draisaitl.
6:07 of 2nd period - Stopped by Pekka Rinne without a rebound.
6:08 of 2nd period - Casey Mittelstadt wins face-off versus Leon Draisaitl in Capitals zone.
6:31 of 2nd period - Shot by Leon Draisaitl.
6:31 of 2nd period - Shot Misses the Net.
6:41 of 2nd period - Shot by Leon Draisaitl.
6:41 of 2nd period - Shot Blocked by Jason Dickinson.
7:11 of 2nd period - Icing by Christian Djoos.
7:12 of 2nd period - Michael Grabner wins face-off versus Chandler Stephenson in Sabres zone.
7:23 of 2nd period - Shot by Nic Dowd.
7:23 of 2nd period - Shot Blocked by Jonas Siegenthaler.
7:56 of 2nd period - Icing by Luke Glendening.
7:57 of 2nd period - Luke Glendening wins face-off versus Casey Mittelstadt in Sabres zone.
8:45 of 2nd period - Icing by Rasmus Ristolainen.
8:46 of 2nd period - Jason Dickinson wins face-off versus Leon Draisaitl in Sabres zone.
8:55 of 2nd period - Shot by David Kampf.
8:55 of 2nd period - Deflect By Wayne Simmonds.
8:55 of 2nd period - Stopped by Matt Murray without a rebound.
8:56 of 2nd period - Tyler Seguin wins face-off versus Mikael Granlund in Sabres zone.
8:56 of 2nd period - Tyler Seguin is hit by Bobby Ryan.
9:03 of 2nd period - Icing by Erik Gustafsson.
9:04 of 2nd period - Kevin Fiala wins face-off versus Jason Dickinson in Sabres zone.
9:04 of 2nd period - Kevin Fiala is hit by Wayne Simmonds.
10:10 of 2nd period - Shot by Leon Draisaitl.
10:10 of 2nd period - Shot Misses the Net.
10:12 of 2nd period - Shot by Rasmus Ristolainen.
10:12 of 2nd period - Stopped by Pekka Rinne with a rebound.
10:14 of 2nd period - Shot by Rasmus Dahlin.
10:14 of 2nd period - Shot Misses the Net.
10:16 of 2nd period - Shot by Tom Wilson.
10:16 of 2nd period - Stopped by Pekka Rinne without a rebound.
10:17 of 2nd period - Lars Eller wins face-off versus Casey Mittelstadt in Capitals zone.
10:30 of 2nd period - Shot by Kevin Labanc.
10:30 of 2nd period - Shot Misses the Net.
10:32 of 2nd period - Shot by Jonas Siegenthaler.
10:32 of 2nd period - Stopped by Matt Murray with a rebound.
10:34 of 2nd period - Shot by Josh Anderson.
10:34 of 2nd period - Shot Misses the Net.
10:36 of 2nd period - Shot by Brett Kulak.
10:36 of 2nd period - Stopped by Matt Murray without a rebound.
10:37 of 2nd period - Leon Draisaitl wins face-off versus Chandler Stephenson in Sabres zone.
10:37 of 2nd period - Leon Draisaitl is hit by Vinnie Hinostroza.
10:47 of 2nd period - Shot by Vinnie Hinostroza.
10:47 of 2nd period - Deflect By Mikael Granlund.
10:47 of 2nd period - Goal by Mikael Granlund - Sabres : 2 - Capitals : 3.
10:48 of 2nd period - David Kampf wins face-off versus Lars Eller in neutral zone.
10:51 of 2nd period - Lars Eller is hit by Wayne Simmonds and loses puck.
10:58 of 2nd period - Shot by Wayne Simmonds.
10:58 of 2nd period - Shot Misses the Net.
11:00 of 2nd period - Shot by David Kampf.
11:00 of 2nd period - Shot Misses the Net.
11:22 of 2nd period - Shot by Jason Dickinson.
11:22 of 2nd period - Shot Blocked by Rasmus Dahlin.
11:24 of 2nd period - Shot by Jason Dickinson.
11:24 of 2nd period - Shot Misses the Net.
11:26 of 2nd period - Shot by Jason Dickinson.
11:26 of 2nd period - Shot Blocked by Rasmus Ristolainen.
12:21 of 2nd period - Ryan Nugent-Hopkins is hit by Jonas Siegenthaler and loses puck.
12:43 of 2nd period - Shot by Josh Anderson.
12:43 of 2nd period - Shot Misses the Net.
13:22 of 2nd period - Shot by Chandler Stephenson.
13:22 of 2nd period - Shot Misses the Net.
13:56 of 2nd period - Wayne Simmonds is hit by Rasmus Ristolainen and loses puck.
14:19 of 2nd period - Rasmus Dahlin is hit by Wayne Simmonds and loses puck.
14:57 of 2nd period - Icing by Nikolaj Ehlers.
14:58 of 2nd period - Lars Eller wins face-off versus Mikael Granlund in Sabres zone.
15:41 of 2nd period - Icing by Rasmus Dahlin.
15:42 of 2nd period - Jason Dickinson wins face-off versus Luke Glendening in Sabres zone.
16:04 of 2nd period - Icing by Jonas Siegenthaler.
16:05 of 2nd period - Jason Dickinson wins face-off versus Tyler Seguin in Capitals zone.
16:12 of 2nd period - Kevin Fiala is hit by Wayne Simmonds and loses puck.
16:36 of 2nd period - Kevin Fiala is hit by Michael Del Zotto and loses puck.
17:00 of 2nd period - Icing by Brandon Montour.
17:01 of 2nd period - Lars Eller wins face-off versus Casey Mittelstadt in Capitals zone.
17:10 of 2nd period - Shot by Jonathan Drouin.
17:10 of 2nd period - Shot Hit the Post.
17:12 of 2nd period - Shot by Lars Eller.
17:12 of 2nd period - Stopped by Pekka Rinne without a rebound.
17:13 of 2nd period - Leon Draisaitl wins face-off versus Mikael Granlund in Capitals zone.
17:27 of 2nd period - Leon Draisaitl is hit by Kris Russell and loses puck.
17:31 of 2nd period - Icing by Riley Stillman.
17:32 of 2nd period - Lars Eller wins face-off versus Mikael Granlund in Capitals zone.
17:32 of 2nd period - Lars Eller is hit by Riley Stillman.
17:47 of 2nd period - Icing by Riley Stillman.
17:48 of 2nd period - Mikael Granlund wins face-off versus Leon Draisaitl in Capitals zone.
17:50 of 2nd period - Reilly Smith is hit by Tom Wilson and loses puck.
17:58 of 2nd period - Reilly Smith is hit by Rasmus Ristolainen and loses puck.
18:01 of 2nd period - Shot by Bobby Ryan.
18:01 of 2nd period - Stopped by Matt Murray without a rebound.
18:02 of 2nd period - Tyler Seguin wins face-off versus Jason Dickinson in Sabres zone.
18:02 of 2nd period - Tyler Seguin is hit by Wayne Simmonds.
18:12 of 2nd period - Shot by Kevin Fiala.
18:12 of 2nd period - Stopped by Pekka Rinne with a rebound.
18:14 of 2nd period - Shot by Elias Lindholm.
18:14 of 2nd period - Shot Blocked by Brandon Montour.
18:22 of 2nd period - Shot by Kevin Fiala.
18:22 of 2nd period - Shot Misses the Net.
18:26 of 2nd period - Shot by Tyler Seguin.
18:26 of 2nd period - Stopped by Pekka Rinne with a rebound.
19:20 of 2nd period - Minor Penalty to Brett Kulak for Interference.
19:21 of 2nd period - Mikael Granlund wins face-off versus Nikolaj Ehlers in Capitals zone.
19:34 of 2nd period - Shot by Ryan Nugent-Hopkins.
19:34 of 2nd period - Stopped by Pekka Rinne with a rebound.
19:52 of 2nd period - Shot by Rasmus Dahlin.
19:52 of 2nd period - Stopped by Pekka Rinne without a rebound.
19:53 of 2nd period - Leon Draisaitl wins face-off versus Mikael Granlund in Capitals zone.
19:56 of 2nd period - Shot by Ryan Nugent-Hopkins.
19:56 of 2nd period - Stopped by Pekka Rinne without a rebound.
19:57 of 2nd period - Leon Draisaitl wins face-off versus Mikael Granlund in Capitals zone.
19:58 of 2nd period - Shot by Rasmus Dahlin.
19:58 of 2nd period - Shot Misses the Net.
Goals for this period are 0 for Sabres vs 2 for Capitals.
Shots for this period are 14 for Sabres vs 8 for Capitals.

3rd period


0:01 of 3rd period - Leon Draisaitl wins face-off versus Mikael Granlund in neutral zone.
0:26 of 3rd period - Brandon Montour is hit by Ryan Nugent-Hopkins and loses puck.
1:21 of 3rd period - Shot by Michael Grabner.
1:21 of 3rd period - Shot Misses the Net.
1:24 of 3rd period - Icing by Jonas Siegenthaler.
1:25 of 3rd period - Luke Glendening wins face-off versus Casey Mittelstadt in Capitals zone.
1:59 of 3rd period - Shot by Nic Dowd.
1:59 of 3rd period - Stopped by Pekka Rinne without a rebound.
2:00 of 3rd period - Leon Draisaitl wins face-off versus Jason Dickinson in Capitals zone.
2:04 of 3rd period - Icing by Michael Del Zotto.
2:05 of 3rd period - Leon Draisaitl wins face-off versus Jason Dickinson in Capitals zone.
2:25 of 3rd period - Minor Penalty to Rasmus Ristolainen for Hooking.
2:26 of 3rd period - Lars Eller wins face-off versus Mikael Granlund in Sabres zone.
2:53 of 3rd period - Shot by Mikael Granlund.
2:53 of 3rd period - Shot Misses the Net.
2:55 of 3rd period - Shot by Mikael Granlund.
2:55 of 3rd period - Shot Misses the Net.
2:57 of 3rd period - Shot by Kris Russell.
2:57 of 3rd period - Stopped by Matt Murray without a rebound.
2:58 of 3rd period - Jason Dickinson wins face-off versus Luke Glendening in Sabres zone.
3:01 of 3rd period - Shot by Michael Del Zotto.
3:01 of 3rd period - Shot Misses the Net.
3:03 of 3rd period - Shot by Michael Del Zotto.
3:03 of 3rd period - Shot Blocked by Christian Djoos.
3:09 of 3rd period - Shot by Brandon Montour.
3:09 of 3rd period - Stopped by Matt Murray with a rebound.
3:11 of 3rd period - Shot by Jason Dickinson.
3:11 of 3rd period - Shot Misses the Net.
3:15 of 3rd period - Shot by Brandon Montour.
3:15 of 3rd period - Shot Blocked by Luke Glendening.
3:17 of 3rd period - Shot by Brandon Montour.
3:17 of 3rd period - Stopped by Matt Murray without a rebound.
3:18 of 3rd period - Mikael Granlund wins face-off versus Luke Glendening in Sabres zone.
3:19 of 3rd period - Shot by Bobby Ryan.
3:19 of 3rd period - Shot Blocked by Luke Glendening.
3:40 of 3rd period - Shot by Nic Dowd.
3:40 of 3rd period - Stopped by Pekka Rinne without a rebound.
3:41 of 3rd period - Luke Glendening wins face-off versus Jason Dickinson in Capitals zone.
4:19 of 3rd period - Shot by Brandon Montour.
4:19 of 3rd period - Deflect By Wayne Simmonds.
4:19 of 3rd period - Stopped by Matt Murray with a rebound.
4:50 of 3rd period - Icing by Adam Pelech.
4:51 of 3rd period - Leon Draisaitl wins face-off versus Mikael Granlund in Sabres zone.
6:05 of 3rd period - Shot by Casey Mittelstadt.
6:05 of 3rd period - Shot Misses the Net.
6:07 of 3rd period - Shot by Kevin Labanc.
6:07 of 3rd period - Shot Misses the Net.
6:09 of 3rd period - Shot by Josh Anderson.
6:09 of 3rd period - Deflect By Kevin Labanc.
6:09 of 3rd period - Shot Misses the Net.
6:11 of 3rd period - Shot by Josh Anderson.
6:11 of 3rd period - Shot Misses the Net.
6:28 of 3rd period - Brandon Montour is hit by Tyler Seguin and loses puck.
6:46 of 3rd period - Lars Eller is hit by Michael Del Zotto and loses puck.
6:51 of 3rd period - Shot by Lars Eller.
6:51 of 3rd period - Stopped by Pekka Rinne without a rebound.
6:52 of 3rd period - Leon Draisaitl wins face-off versus Mikael Granlund in Capitals zone.
6:52 of 3rd period - Leon Draisaitl is hit by Riley Stillman.
6:56 of 3rd period - Shot by Ryan Nugent-Hopkins.
6:56 of 3rd period - Stopped by Pekka Rinne without a rebound.
6:57 of 3rd period - Mikael Granlund wins face-off versus Leon Draisaitl in Capitals zone.
6:57 of 3rd period - Reilly Smith is hit by Tom Wilson and loses puck.
7:03 of 3rd period - Minor Penalty to Kris Russell for Hooking.
7:04 of 3rd period - Leon Draisaitl wins face-off versus Mikael Granlund in Capitals zone.
7:07 of 3rd period - Shot by Ryan Nugent-Hopkins.
7:07 of 3rd period - Shot Misses the Net.
7:17 of 3rd period - Shot by Ryan Nugent-Hopkins.
7:17 of 3rd period - Stopped by Pekka Rinne without a rebound.
7:18 of 3rd period - Mikael Granlund wins face-off versus Leon Draisaitl in Capitals zone.
7:45 of 3rd period - Shot by Rasmus Ristolainen.
7:45 of 3rd period - Shot Misses the Net.
7:51 of 3rd period - Shot by Leon Draisaitl.
7:51 of 3rd period - Shot Hit the Post.
7:53 of 3rd period - Shot by Leon Draisaitl.
7:53 of 3rd period - Shot Misses the Net.
8:16 of 3rd period - Off-side.
8:17 of 3rd period - Bobby Ryan wins face-off versus Tyler Seguin in neutral zone.
9:14 of 3rd period - Shot by Josh Anderson.
9:14 of 3rd period - Shot Misses the Net.
9:16 of 3rd period - Shot by Riley Stillman.
9:16 of 3rd period - Goal by Riley Stillman - Sabres : 2 - Capitals : 4.
9:17 of 3rd period - Leon Draisaitl wins face-off versus Chandler Stephenson in neutral zone.
9:38 of 3rd period - Shot by Mikael Granlund.
9:38 of 3rd period - Shot Misses the Net.
9:40 of 3rd period - Shot by Vinnie Hinostroza.
9:40 of 3rd period - Stopped by Matt Murray with a rebound.
9:42 of 3rd period - Shot by Chandler Stephenson.
9:42 of 3rd period - Stopped by Matt Murray without a rebound.
9:43 of 3rd period - Lars Eller wins face-off versus Casey Mittelstadt in Sabres zone.
9:43 of 3rd period - Lars Eller is hit by Josh Anderson.
10:57 of 3rd period - Tom Wilson is hit by Michael Del Zotto and loses puck.
11:04 of 3rd period - Shot by Leon Draisaitl.
11:04 of 3rd period - Goal by Leon Draisaitl - Sabres : 3 - Capitals : 4.
11:05 of 3rd period - Tyler Seguin wins face-off versus Mikael Granlund in neutral zone.
11:22 of 3rd period - Shot by Mikael Granlund.
11:22 of 3rd period - Shot Misses the Net.
11:24 of 3rd period - Shot by Reilly Smith.
11:24 of 3rd period - Shot Blocked by Alec Martinez.
11:31 of 3rd period - Shot by Jonas Siegenthaler.
11:31 of 3rd period - Stopped by Matt Murray without a rebound.
11:32 of 3rd period - Jason Dickinson wins face-off versus Leon Draisaitl in Sabres zone.
11:33 of 3rd period - Shot by Wayne Simmonds.
11:33 of 3rd period - Shot Misses the Net.
11:35 of 3rd period - Shot by Michael Del Zotto.
11:35 of 3rd period - Stopped by Matt Murray with a rebound.
11:47 of 3rd period - Brandon Montour is hit by Adam Pelech and loses puck.
11:58 of 3rd period - Jason Dickinson is hit by Tom Wilson and loses puck.
12:43 of 3rd period - Shot by Elias Lindholm.
12:43 of 3rd period - Stopped by Pekka Rinne without a rebound.
12:44 of 3rd period - Casey Mittelstadt wins face-off versus Nikolaj Ehlers in Capitals zone.
12:44 of 3rd period - Casey Mittelstadt is hit by Jonathan Drouin.
12:47 of 3rd period - Icing by Josh Anderson.
12:48 of 3rd period - Casey Mittelstadt wins face-off versus Lars Eller in Capitals zone.
12:48 of 3rd period - Casey Mittelstadt is hit by Jonathan Drouin.
12:58 of 3rd period - Shot by Lars Eller.
12:58 of 3rd period - Stopped by Pekka Rinne with a rebound.
13:37 of 3rd period - Shot by Mikael Granlund.
13:37 of 3rd period - Shot Misses the Net.
13:45 of 3rd period - Shot by Mikael Granlund.
13:45 of 3rd period - Shot Blocked by Rasmus Ristolainen.
14:10 of 3rd period - Icing by Kris Russell.
14:11 of 3rd period - Tyler Seguin wins face-off versus Mikael Granlund in Capitals zone.
14:14 of 3rd period - Shot by Elias Lindholm.
14:14 of 3rd period - Deflect By Kevin Fiala.
14:14 of 3rd period - Goal by Kevin Fiala - Sabres : 4 - Capitals : 4.
14:15 of 3rd period - Leon Draisaitl wins face-off versus Jason Dickinson in neutral zone.
14:18 of 3rd period - Shot by Leon Draisaitl.
14:18 of 3rd period - Stopped by Pekka Rinne without a rebound.
14:19 of 3rd period - Leon Draisaitl wins face-off versus Jason Dickinson in Capitals zone.
14:50 of 3rd period - Shot by Leon Draisaitl.
14:50 of 3rd period - Shot Misses the Net.
14:52 of 3rd period - Shot by Alec Martinez.
14:52 of 3rd period - Shot Misses the Net.
14:54 of 3rd period - Shot by Erik Gustafsson.
14:54 of 3rd period - Shot Blocked by Wayne Simmonds.
15:00 of 3rd period - Shot by Leon Draisaitl.
15:00 of 3rd period - Stopped by Pekka Rinne with a rebound.
15:36 of 3rd period - Shot by Elias Lindholm.
15:36 of 3rd period - Stopped by Pekka Rinne without a rebound.
15:37 of 3rd period - Mikael Granlund wins face-off versus Lars Eller in Capitals zone.
15:44 of 3rd period - Shot by Bobby Ryan.
15:44 of 3rd period - Stopped by Matt Murray without a rebound.
15:45 of 3rd period - Mikael Granlund wins face-off versus Lars Eller in Sabres zone.
15:52 of 3rd period - Shot by Reilly Smith.
15:52 of 3rd period - Stopped by Matt Murray with a rebound.
15:54 of 3rd period - Shot by Bobby Ryan.
15:54 of 3rd period - Stopped by Matt Murray with a rebound.
15:56 of 3rd period - Shot by Reilly Smith.
15:56 of 3rd period - Shot Blocked by Lars Eller.
15:58 of 3rd period - Shot by Reilly Smith.
15:58 of 3rd period - Deflect By Mikael Granlund.
15:58 of 3rd period - Shot Hit the Post.
17:04 of 3rd period - Shot by Leon Draisaitl.
17:04 of 3rd period - Stopped by Pekka Rinne with a rebound.
17:06 of 3rd period - Shot by Ryan Nugent-Hopkins.
17:06 of 3rd period - Shot Hit the Post.
17:33 of 3rd period - Icing by Leon Draisaitl.
17:34 of 3rd period - Jason Dickinson wins face-off versus Leon Draisaitl in Sabres zone.
18:03 of 3rd period - Shot by Tyler Seguin.
18:03 of 3rd period - Deflect By Elias Lindholm.
18:03 of 3rd period - Stopped by Pekka Rinne without a rebound.
18:04 of 3rd period - Luke Glendening wins face-off versus Chandler Stephenson in Capitals zone.
19:17 of 3rd period - Shot by Elias Lindholm.
19:17 of 3rd period - Shot Misses the Net.
19:48 of 3rd period - Minor Penalty to Elias Lindholm for Tripping.
19:49 of 3rd period - Jason Dickinson wins face-off versus Luke Glendening in Sabres zone.
19:53 of 3rd period - Jason Dickinson is hit by Erik Gustafsson and loses puck.
Goals for this period are 2 for Sabres vs 1 for Capitals.
Shots for this period are 14 for Sabres vs 12 for Capitals.

Overtime #1


0:01 of 1st overtime period - Luke Glendening wins face-off versus Mikael Granlund in neutral zone.
1:17 of 1st overtime period - Off-side.
1:18 of 1st overtime period - Luke Glendening wins face-off versus Mikael Granlund in neutral zone.
1:41 of 1st overtime period - Shot by Mikael Granlund.
1:41 of 1st overtime period - Stopped by Matt Murray without a rebound.
1:42 of 1st overtime period - Lars Eller wins face-off versus Jason Dickinson in Sabres zone.
1:59 of 1st overtime period - Shot by Bobby Ryan.
1:59 of 1st overtime period - Shot Misses the Net.
2:03 of 1st overtime period - Shot by Bobby Ryan.
2:03 of 1st overtime period - Stopped by Matt Murray without a rebound.
2:04 of 1st overtime period - Leon Draisaitl wins face-off versus Jason Dickinson in Sabres zone.
2:04 of 1st overtime period - Leon Draisaitl is hit by Bobby Ryan.
2:54 of 1st overtime period - Shot by Mikael Granlund.
2:54 of 1st overtime period - Stopped by Matt Murray with a rebound.
2:56 of 1st overtime period - Shot by Brandon Montour.
2:56 of 1st overtime period - Stopped by Matt Murray without a rebound.
2:57 of 1st overtime period - David Kampf wins face-off versus Tyler Seguin in Sabres zone.
3:26 of 1st overtime period - Shot by Rasmus Dahlin.
3:26 of 1st overtime period - Shot Misses the Net.
3:41 of 1st overtime period - Icing by Elias Lindholm.
3:42 of 1st overtime period - Tyler Seguin wins face-off versus Mikael Granlund in Sabres zone.
3:42 of 1st overtime period - Tyler Seguin is hit by Reilly Smith.
4:02 of 1st overtime period - Shot by Mikael Granlund.
4:02 of 1st overtime period - Shot Misses the Net.
4:14 of 1st overtime period - Shot by Ryan Nugent-Hopkins.
4:14 of 1st overtime period - Shot Misses the Net.
4:20 of 1st overtime period - Shot by Ryan Nugent-Hopkins.
4:20 of 1st overtime period - Deflect By Leon Draisaitl.
4:20 of 1st overtime period - Shot Blocked by Brandon Montour.
4:28 of 1st overtime period - Shot by Leon Draisaitl.
4:28 of 1st overtime period - Stopped by Pekka Rinne without a rebound.
4:29 of 1st overtime period - Kevin Fiala wins face-off versus Jason Dickinson in Capitals zone.
4:58 of 1st overtime period - Shot by Kevin Fiala.
4:58 of 1st overtime period - Shot Misses the Net.
Goals for this period are 0 for Sabres vs 0 for Capitals.
Shots for this period are 1 for Sabres vs 4 for Capitals.

ShootOut


5:00 of 1st overtime period - Round #1.
5:00 of 1st overtime period - Sabres, Tyler Seguin.
5:00 of 1st overtime period - Goal by Tyler Seguin.
5:00 of 1st overtime period - Capitals, Mikael Granlund.
5:00 of 1st overtime period - Stopped by Matt Murray.
5:00 of 1st overtime period - Round #2.
5:00 of 1st overtime period - Sabres, Leon Draisaitl.
5:00 of 1st overtime period - Stopped by Pekka Rinne.
5:00 of 1st overtime period - Capitals, Reilly Smith.
5:00 of 1st overtime period - Goal by Reilly Smith.
5:00 of 1st overtime period - Round #3.
5:00 of 1st overtime period - Sabres, Jonathan Drouin.
5:00 of 1st overtime period - Stopped by Pekka Rinne.
5:00 of 1st overtime period - Capitals, Bobby Ryan.
5:00 of 1st overtime period - Stopped by Matt Murray.
5:00 of 1st overtime period - Round #4.
5:00 of 1st overtime period - Sabres, Lars Eller.
5:00 of 1st overtime period - Goal by Lars Eller.
5:00 of 1st overtime period - Capitals, Jason Dickinson.
5:00 of 1st overtime period - Goal by Jason Dickinson.
5:00 of 1st overtime period - Round #5.
5:00 of 1st overtime period - Sabres, Ryan Nugent-Hopkins.
5:00 of 1st overtime period - Goal by Ryan Nugent-Hopkins.
5:00 of 1st overtime period - Capitals, David Kampf.
5:00 of 1st overtime period - Shot Misses the Net.